[Event "Early-Titled-Tuesday-Blitz-February-06-2024"]
[Site "Chess.com"]
[Date "2024.02.06"]
[Round "6"]
[White "ilqar_74"]
[Black "HajiyevKanan"]
[Result "1/2-1/2"]
[WhiteElo "2797"]
[BlackElo "2609"]
[TimeControl "180+1"]
[EndTime "9:05:18 PST"]
[Termination "Game drawn by repetition"]

1. e4 c6 2. Nf3 d5 3. Nc3 a6 4. d4 Bg4 5. Be2 e6 6. h3 Bh5 7. O-O Nf6 8. exd5 cxd5 9. Ne5 Bxe2 10. Nxe2 Nc6 11. f4 Ne4 12. c3 Bd6 13. Qd3 O-O 14. Ng3 f5 15. Nxe4 fxe4 16. Qe2 Ne7 17.
Be3 Nf5 18. Bf2 b5 19. a4 bxa4 20. Rxa4 Bxe5 21. dxe5 a5 22. Rfa1 Qc7 23. c4 Ne7 24.
b4 Rxf4 25. Rxa5 Rxa5 26. bxa5 Qxe5 27. Qe1 Rxf2 28. Kxf2 Qd4+ 29. Kg3 Qe5+ 30. Kf2 Qd4+ 31. Kg3 Qe5+ 32. Kf2 1/2-1/2

[Event "Early-Titled-Tuesday-Blitz-February-06-2024"]
[Site "Chess.com"]
[Date "2024.02.06"]
[Round "6"]
[White "Sajith_Peiris"]
[Black "Arimin1329"]
[Result "1-0"]
[WhiteElo "2268"]
[BlackElo "2401"]
[TimeControl "180+1"]
[EndTime "9:05:19 PST"]
[Termination "Sajith_Peiris won by resignation"]

1. e4 c6 2. d4 d5 3. Nc3 dxe4 4. Nxe4 Bf5 5. Ng3 Bg6 6. h4 h6 7. Nf3 Nd7 8. h5 Bh7 9. Bd3 Bxd3 10. Qxd3 e6 11.
Bd2 Ngf6 12. O-O-O Bd6 13. Ne4 Nxe4 14. Qxe4 Nf6 15.
Qe2 Qc7 16. c4 O-O-O 17. g3 Kb8 18. c5 Ka8 19. cxd6 Qxd6 20. Bf4 Qb4 21. Qd2 Qa4 22. Qc2 Qxa2 23. Rd3 Qa1+ 24. Qb1 Qa5 25. Ra3 Qb5 26. Qd3 Qd5 27. Kc2 c5 28. Rha1 e5 29. Bxe5 Rd6 30.
Rxa7+ Kb8 31. Ra8+ Kc7 32. Bxd6+ Qxd6 33. Rxh8 1-0

[Event "Early-Titled-Tuesday-Blitz-February-06-2024"]
[Site "Chess.com"]
[Date "2024.02.06"]
[Round "6"]
[White "vi_pranav"]
[Black "abhidabhi"]
[Result "1-0"]
[WhiteElo "3057"]
[BlackElo "2912"]
[TimeControl "180+1"]
[EndTime "9:05:20 PST"]
[Termination "vi_pranav won by resignation"]

1. e4 e5 2. Nf3 Nc6 3. Bb5 a6 4. Ba4 Nf6 5. O-O b5 6. Bb3 Bb7 7. d3 Be7 8. a4 O-O 9. Nc3 Na5 10.
Ba2 b4 11. Nd5 Nxd5 12. Bxd5 c6 13. Ba2 Qc7 14. Ng5 d5 15. Qh5 Bxg5 16. Bxg5 Qd6 17. Rae1 Rfe8 18. f4 exf4 19. Bxf4 Qd7 20. Be3 Re6 21. Bb6 Qe7 22. Bxa5 g6 23. Qf3 dxe4 24. dxe4 1-0

[Event "Early-Titled-Tuesday-Blitz-February-06-2024"]
[Site "Chess.com"]
[Date "2024.02.06"]
[Round "6"]
[White "AnishOnYoutube"]
[Black "Hikaru"]
[Result "1/2-1/2"]
[WhiteElo "3013"]
[BlackElo "3307"]
[TimeControl "180+1"]
[EndTime "9:05:21 PST"]
[Termination "Game drawn by agreement"]

1. e4 e5 2. Nf3 Nc6 3. Bb5 Nf6 4. O-O Nxe4 5. Re1 Nd6 6. Nxe5 Be7 7. Bf1 Nxe5 8. Rxe5 O-O 9. Nc3 Ne8 10. Nd5 Bd6 11.
Re1 c6 12. Ne3 Be7 13. c4 Bf6 14. d4 d5 15. cxd5 cxd5 16. g3 Be6 17. Bg2 Nc7 18. Ng4 Be7 19. Bf4 Bd6 20. Bxd6 Qxd6 21. Ne3 Qb6 22.
Qd2 Rad8 23. Rac1 Ne8 24. Rc5 Nf6 25. Rec1 h5 26. b3 h4 27. Qa5 Qxa5 28. Rxa5 hxg3 29. hxg3 a6 30. Rac5 Rd7 31. Rc8 g6 32. f3 Re7 33.
Rxf8+ Kxf8 34. Kf2 Ke8 35. Bf1 Kd7 36. b4 Kd6 37. a4 Re8 38. a5 Bd7 39. g4 Bc6 40.
Bd3 Nd7 41. Re1 1/2-1/2

[Event "Early-Titled-Tuesday-Blitz-February-06-2024"]
[Site "Chess.com"]
[Date "2024.02.06"]
[Round "6"]
[White "Natalya_Buksa"]
[Black "GMRAVEN_ON_YOUTUBE"]
[Result "0-1"]
[WhiteElo "2574"]
[BlackElo "2778"]
[TimeControl "180+1"]
[EndTime "9:05:25 PST"]
[Termination "GMRAVEN_ON_YOUTUBE won by resignation"]

1. d4 f5 2. Nc3 Nf6 3. Bg5 d5 4. Bxf6 exf6 5. e3 Be6 6. Nge2 Nc6 7. h4 Qd7 8. Nf4 Bf7 9. Bb5 a6 10.
Bd3 Bb4 11. a3 Bxc3+ 12. bxc3 g6 13. Qf3 Ne7 14. a4 Nc8 15. h5 g5 16. Ne2 Nd6 17. Ng3 Be6 18. Kd2 O-O-O 19. Rhb1 Rhe8 20. Rb4 f4 21. Ne2 Ne4+ 22. Bxe4 dxe4 23. Qxe4 Bd5 24. Qd3 fxe3+ 25. fxe3 Qg4 26. c4 Bxg2 27. d5 Bxd5 28.
cxd5 Qxb4+ 29. Kc1 Re5 30. Nc3 Qc5 31. e4 c6 32. Rb1 cxd5 33. Nxd5 Rdxd5 34. exd5 Re1+ 35. Kb2 Qb4+ 36. Qb3 Qxb3+ 37. cxb3 Rxb1+ 38. Kxb1 g4 39. Kc2 g3 0-1

[Event "Early-Titled-Tuesday-Blitz-February-06-2024"]
[Site "Chess.com"]
[Date "2024.02.06"]
[Round "6"]
[White "biostatistician"]
[Black "Elsa167"]
[Result "0-1"]
[WhiteElo "2608"]
[BlackElo "2871"]
[TimeControl "180+1"]
[EndTime "9:05:26 PST"]
[Termination "Elsa167 won by resignation"]

1. d4 f5 2. Bg5 h6 3. Bh4 g5 4.
Bg3 Nf6 5. e3 d6 6. h4 g4 7. Bd3 Nc6 8. Ne2 e5 9. c4 Bg7 10. Nbc3 O-O 11. O-O Nh5 12. Qd2 Bd7 13.
Rad1 Nxg3 14. Nxg3 Qxh4 15. d5 Ne7 16. Nge2 h5 17.
Rfe1 Ng6 18. g3 Qg5 19. e4 f4 20. Nb5 Bxb5 21. cxb5 Rf7 22. gxf4 exf4 0-1

[Event "Early-Titled-Tuesday-Blitz-February-06-2024"]
[Site "Chess.com"]
[Date "2024.02.06"]
[Round "6"]
[White "zsoltkorpics"]
[Black "Bilan_Danila"]
[Result "0-1"]
[WhiteElo "2466"]
[BlackElo "2617"]
[TimeControl "180+1"]
[EndTime "9:05:28 PST"]
[Termination "Bilan_Danila won by checkmate"]

1. e4 c6 2. Nf3 d5 3. Nc3 Nf6 4. e5 Ne4 5. Ne2 Nc5 6. g3 Bg4 7. Bg2 e6 8. O-O Be7 9. b4 Ncd7 10. d4 Bxb4 11. Rb1 Ba5 12. Ba3 Bb6 13. h3 Bxf3 14. Bxf3 c5 15. c4 cxd4 16. cxd5 Nxe5 17. Bg2 Qf6 18. dxe6 Nbc6 19. exf7+ Qxf7 20. Nf4 O-O-O 21. Nd5 Rxd5 22. Bxd5 Qxd5 23. f4 Nc4 24. Bc1 d3+ 25. Kh2 d2 26. Qg4+ Kb8 27. Bb2 Ne3 28. Qxg7 Qg2# 0-1

[Event "Early-Titled-Tuesday-Blitz-February-06-2024"]
[Site "Chess.com"]
[Date "2024.02.06"]
[Round "6"]
[White "KanalSzachowy"]
[Black "Zarinur"]
[Result "1-0"]
[WhiteElo "2374"]
[BlackElo "2492"]
[TimeControl "180+1"]
[EndTime "9:05:31 PST"]
[Termination "KanalSzachowy won by resignation"]

1. e4 e5 2. Nf3 Nc6 3. Bc4 Bc5 4. c3 Nf6 5. d4 exd4 6. cxd4 Bb4+ 7. Nbd2 d5 8. exd5 Nxd5 9. O-O O-O 10. a3 Be7 11.
Re1 Bf5 12. Ne4 Nb6 13. Ba2 Bg4 14. Bf4 Bxf3 15. Qxf3 Nxd4 16. Qg3 Nf5 17. Qg4 Nd6 18. Rad1 Nbc8 19. Be5 g6 20. Qf4 a5 21. Bc3 Ra6 22. Qe5 1-0

[Event "Early-Titled-Tuesday-Blitz-February-06-2024"]
[Site "Chess.com"]
[Date "2024.02.06"]
[Round "6"]
[White "kingofthenil"]
[Black "SARGISMV"]
[Result "1-0"]
[WhiteElo "2667"]
[BlackElo "2469"]
[TimeControl "180+1"]
[EndTime "9:05:33 PST"]
[Termination "kingofthenil won on time"]

1. e4 e6 2. c4 d5 3. cxd5 exd5 4. exd5 Nf6 5. Nc3 Nxd5 6. Nf3 Be7 7. d4 O-O 8. Bd3 Nc6 9. O-O Be6 10. Re1 a6 11. a3 Qd6 12. Ne4 Qd8 13. Neg5 Bxg5 14. Nxg5 Nf6 15.
Rxe6 fxe6 16. Nxe6 Qd6 17. Bc4 Kh8 18. Bf4 Qd7 19. Nxf8 Rxf8 20. d5 Nxd5 21. Bxd5 Ne7 22. Bb3 Qb5 23. Bg3 Nf5 24. Qd5 Qe2 25. Qc5 Re8 26. Qc3 Nd4 27. h3 Qe4 28. Bc4 b5 29. Bf1 h5 30. Rd1 c5 31. b4 h4 32. bxc5 hxg3 33.
Qxd4 gxf2+ 34. Qxf2 Qc6 35. Rd4 Kg8 36. Qf3 Qxc5 37. Qd5+ Qxd5 38. Rxd5 Re6 39. Rd4 Rb6 40. a4 Kf7 41. axb5 a5 42. Ra4 Rxb5 43. Bc4+ Kf6 44. Bxb5 1-0

[Event "Early-Titled-Tuesday-Blitz-February-06-2024"]
[Site "Chess.com"]
[Date "2024.02.06"]
[Round "6"]
[White "Kostya0705"]
[Black "ljuks68"]
[Result "1-0"]
[WhiteElo "2611"]
[BlackElo "2412"]
[TimeControl "180+1"]
[EndTime "9:05:35 PST"]
[Termination "Kostya0705 won on time"]

1. e4 e6 2. d4 d5 3. Nc3 Bb4 4. e5 Ne7 5. a3 Bxc3+ 6. bxc3 c5 7. Qg4 Qc7 8. Qxg7 Rg8 9. Qxh7 cxd4 10. Qd3 Qxe5+ 11.
Ne2 dxc3 12. Qxc3 Nbc6 13. h4 Bd7 14. h5 d4 15. Qd3 Nd5 16. h6 O-O-O 17. g3 Qd6 18.
Nxd4 Ne5 19. Qb3 Nb6 20. Bb2 Bc6 21. Rh4 Na4 22. Be2 Nxb2 23. Qxb2 Ng6 24. Rg4 f5 25.
h7 Rg7 26. Rxg6 Rxg6 27. O-O-O 1-0

[Event "Early-Titled-Tuesday-Blitz-February-06-2024"]
[Site "Chess.com"]
[Date "2024.02.06"]
[Round "6"]
[White "AldokhinIvan"]
[Black "ljm509"]
[Result "1-0"]
[WhiteElo "2616"]
[BlackElo "1994"]
[TimeControl "180+1"]
[EndTime "9:05:35 PST"]
[Termination "AldokhinIvan won by resignation"]

1. e4 e6 2. d4 d5 3. Nc3 dxe4 4. Nxe4 Nd7 5. Nf3 Ngf6 6. Ng3 Be7 7. Bd3 b6 8. Qe2 Bb7 9. Bg5 Nd5 10. Bd2 Bd6 11.
Nf5 Bf8 12. c4 N5f6 13. Ng5 g6 14. Nxe6 fxe6 15. Qxe6+ Be7 16. Ng7+ Kf8 17. Bh6 Ng8 18. Qh3 Nxh6 19. Ne6+ Kf7 20. Nxd8+ Raxd8 21. Qxh6 Bf6 22. O-O-O Bxd4 23. Qf4+ Bf6 24. Qxc7 Bc8 25. Be4 Be7 26. Rhe1 Rhe8 27. Bd5+ Kf8 28. Rxe7 Kxe7 29. Re1+ Kf8 30.
Qf4+ Kg7 31. Qf7+ Kh6 32. Rxe8 Rxe8 33. Qxe8 1-0

[Event "Early-Titled-Tuesday-Blitz-February-06-2024"]
[Site "Chess.com"]
[Date "2024.02.06"]
[Round "6"]
[White "Chernobay_Artem"]
[Black "Jojo_898"]
[Result "1-0"]
[WhiteElo "2653"]
[BlackElo "2455"]
[TimeControl "180+1"]
[EndTime "9:05:36 PST"]
[Termination "Chernobay_Artem won by resignation"]

1. d4 Nf6 2. c4 e6 3. Nf3 b6 4. g3 Bb7 5. Bg2 Be7 6. O-O O-O 7. d5 exd5 8. Nh4 c6 9. cxd5 Nxd5 10. Nf5 Re8 11. e4 Nf6 12. e5 Nd5 13. Nc3 Bf8 14.
Nxd5 cxd5 15. Bxd5 Bxd5 16. Qxd5 Qc7 17. Qxa8 1-0

[Event "Early-Titled-Tuesday-Blitz-February-06-2024"]
[Site "Chess.com"]
[Date "2024.02.06"]
[Round "6"]
[White "Irishchessman16"]
[Black "NovozhilovSemen"]
[Result "0-1"]
[WhiteElo "2512"]
[BlackElo "2686"]
[TimeControl "180+1"]
[EndTime "9:05:40 PST"]
[Termination "NovozhilovSemen won by checkmate"]

1. d4 Nf6 2. Nf3 e6 3. e3 c5 4.
Bd3 b6 5. O-O Bb7 6. c4 cxd4 7.
exd4 Be7 8. Nc3 O-O 9. d5 h6 10. Bc2 Bb4 11. Ne4 exd5 12. cxd5 Nxd5 13. Nd4 Nf6 14. Ng3 Nc6 15. Ndf5 Ne7 16. Nxh6+ gxh6 17. Bxh6 Ng6 18. Qd4 Bc5 19. Qd2 Re8 20. h4 Ng4 21. Bg5 Qc7 22. Nf5 Qh2# 0-1

[Event "Early-Titled-Tuesday-Blitz-February-06-2024"]
[Site "Chess.com"]
[Date "2024.02.06"]
[Round "6"]
[White "AniJak"]
[Black "kleopl"]
[Result "0-1"]
[WhiteElo "2383"]
[BlackElo "2527"]
[TimeControl "180+1"]
[EndTime "9:05:40 PST"]
[Termination "kleopl won by resignation"]

1. e4 c5 2. Nc3 d6 3. g3 Nc6 4. Bg2 g6 5. d3 Bg7 6. Nh3 e6 7. O-O Nge7 8. Be3 O-O 9. Qd2 Rb8 10. Bh6 b5 11. Bxg7 Kxg7 12. f4 Nd4 13. Rae1 b4 14.
Nd1 a5 15. c3 Ndc6 16. f5 exf5 17. exf5 Bxf5 18. Rxf5 gxf5 19. Qg5+ Ng6 20. Qxf5 Nce5 21.
d4 cxd4 22. cxd4 Qb6 23. Ne3 Qxd4 24. Qf2 Qc5 25. Rf1 f5 26. Kh1 Ng4 27. Nxf5+ Kh8 28. Qf4 Nxf4 0-1

[Event "Early-Titled-Tuesday-Blitz-February-06-2024"]
[Site "Chess.com"]
[Date "2024.02.06"]
[Round "6"]
[White "Hovik_Hayrapetyan"]
[Black "Ditman2007"]
[Result "1-0"]
[WhiteElo "2903"]
[BlackElo "2673"]
[TimeControl "180+1"]
[EndTime "9:05:42 PST"]
[Termination "Hovik_Hayrapetyan won by resignation"]

1. d4 Nf6 2. c4 c5 3. d5 b5 4. cxb5 a6 5. bxa6 g6 6. Nc3 Bg7 7. a7 Rxa7 8. e4 O-O 9. Nf3 e6 10. Be2 exd5 11. exd5 d6 12. O-O Ba6 13. Nb5 Rd7 14. a4 Bb7 15. Bc4 Na6 16. Qb3 Qa8 17. Rd1 Nb4 18. Bf4 Rfd8 19. Nc3 Ba6 20. Bb5 Bxb5 21. axb5 Qb7 22. h3 Ne8 23. Nd2 Nc7 24.
Nc4 Nxb5 25. Nxb5 Qxb5 26. Nxd6 Rxd6 27. Bxd6 Rxd6 28. Ra8+ Bf8 29. Qe3 Rxd5 30. Rxd5 Nxd5 31. Qh6 1-0

[Event "Early-Titled-Tuesday-Blitz-February-06-2024"]
[Site "Chess.com"]
[Date "2024.02.06"]
[Round "6"]
[White "pfalcon1949"]
[Black "Chessdude1987"]
[Result "0-1"]
[WhiteElo "1952"]
[BlackElo "2277"]
[TimeControl "180+1"]
[EndTime "9:05:45 PST"]
[Termination "Chessdude1987 won by checkmate"]

1. e4 e6 2. d4 d5 3. Nc3 Nf6 4. e5 Nfd7 5. f4 c5 6. Nf3 Nc6 7. Be3 Be7 8. Qd2 O-O 9. dxc5 Qa5 10. a3 Bxc5 11. Bxc5 Nxc5 12. O-O-O a6 13. Kb1 b5 14. b4 Qxa3 15. bxc5 b4 16. Na2 Rb8 17. Ka1 Na5 18. Nd4 Nc4 19. Qc1 Qa5 20. Nb3 Qa4 21.
h4 Bd7 22. Rh3 Rb5 23. h5 h6 24. Rg3 Kh8 25. Bd3 Na5 26. Bxb5 axb5 27. f5 Ra8 28. Qb2 Nc4 29. Qc1 Qxa2# 0-1

[Event "Early-Titled-Tuesday-Blitz-February-06-2024"]
[Site "Chess.com"]
[Date "2024.02.06"]
[Round "6"]
[White "Rud_Makarian"]
[Black "LikeWater"]
[Result "1-0"]
[WhiteElo "3033"]
[BlackElo "2824"]
[TimeControl "180+1"]
[EndTime "9:05:46 PST"]
[Termination "Rud_Makarian won by resignation"]

1. d4 Nf6 2. c4 g6 3. Nc3 d5 4. Bf4 c6 5. e3 Bg7 6. Nf3 O-O 7. Be2 Bg4 8. Qb3 Qb6 9. Qxb6 axb6 10. cxd5 Nxd5 11. Nxd5 cxd5 12. Kd2 Nc6 13. Rhc1 e6 14. h3 Bxf3 15. Bxf3 b5 16. Rc5 b4 17. Rb5 Ra7 18.
Bd6 Rfa8 19. Bxb4 Rxa2 20. Rxa2 Rxa2 21. Bc5 Na5 22. Kc2 Ra1 23. b4 Nc4 24. Rxb7 h5 25. b5 Ra2+ 26. Kc3 Rxf2 27. b6 Nxe3 28. Rb8+ Kh7 29.
b7 1-0

[Event "Early-Titled-Tuesday-Blitz-February-06-2024"]
[Site "Chess.com"]
[Date "2024.02.06"]
[Round "6"]
[White "winniethepooh04"]
[Black "NastyaHn"]
[Result "1-0"]
[WhiteElo "2515"]
[BlackElo "2377"]
[TimeControl "180+1"]
[EndTime "9:05:46 PST"]
[Termination "winniethepooh04 won by resignation"]

1. d4 d5 2. Nf3 Nf6 3. Bf4 c5 4. e3 Nc6 5. c3 Qb6 6. Qc2 g6 7.
Nbd2 Bf5 8. dxc5 Qxc5 9. Qb3 Qb6 10. Be2 Bg7 11. O-O O-O 12. h3 Ne4 13. Rfd1 Nxd2 14. Rxd2 e5 15. Bh2 Be6 16. Qxb6 axb6 17. Bb5 f6 18. a3 Rfd8 19. Rad1 Bf8 20. Ne1 Na5 21. Bf1 Nb3 22. Re2 Kf7 23. Nd3 Nc5 24. Nb4 Na4 25. Red2 Bxb4 26. axb4 b5 27. Bxb5 Nb6 28.
e4 Ke7 29. exd5 Nxd5 30. Bc4 Nxb4 31. Rxd8 Rxd8 32. Rxd8 Bxc4 33. Rb8 Nd3 34. Rxb7+ Ke6 35. b4 Nc1 36. Rxh7 Ne2+ 37. Kh1 Nxc3 38. Rc7 Kd5 39. Rc5+ Kd4 40. Bg1 Ne4 41. f3+ 1-0

[Event "Early-Titled-Tuesday-Blitz-February-06-2024"]
[Site "Chess.com"]
[Date "2024.02.06"]
[Round "6"]
[White "AnaKuchava"]
[Black "falzehope0"]
[Result "0-1"]
[WhiteElo "2188"]
[BlackElo "2365"]
[TimeControl "180+1"]
[EndTime "9:05:47 PST"]
[Termination "falzehope0 won by resignation"]

1. d4 e6 2. Nf3 d5 3. c4 c6 4. Qb3 f5 5. Bf4 Ne7 6. e3 Ng6 7. Bg3 Be7 8. Bd3 O-O 9. O-O Nd7 10.
Nc3 Nf6 11. Ne5 Nxe5 12. Bxe5 Ng4 13. Bg3 Bd6 14. cxd5 exd5 15. Nxd5 Bxg3 16. Nf6+ Kh8 17. Nxg4 Bc7 18. Ne5 Qf6 19. f4 b6 20. Rac1 Bxe5 21. fxe5 Qh6 22. Be2 Be6 23. Qa4 Qxe3+ 24. Rf2 Qxc1+ 25.
Bf1 Bd5 26. Qc4 0-1

[Event "Early-Titled-Tuesday-Blitz-February-06-2024"]
[Site "Chess.com"]
[Date "2024.02.06"]
[Round "6"]
[White "MFatigue"]
[Black "TV27"]
[Result "0-1"]
[WhiteElo "2437"]
[BlackElo "2171"]
[TimeControl "180+1"]
[EndTime "9:05:50 PST"]
[Termination "TV27 won by resignation"]

1. e4 c5 2. a3 g6 3. h4 h5 4. Nc3 Bg7 5. Bc4 e6 6. d3 Nc6 7. Nge2 Nge7 8. Bg5 f6 9. Bf4 d5 10.
exd5 exd5 11. Bb5 O-O 12. O-O a6 13. Bxc6 Nxc6 14. Qd2 b5 15. d4 cxd4 16. Nxd4 Nxd4 17. Qxd4 f5 18. Qxd5+ Qxd5 19. Nxd5 Bxb2 20. Ra2 Bg7 21. Re1 Bb7 22. Nc7 Rac8 23. Kf1 Bf6 24. g3 Rf7 25. Ne6 Bd5 26. c4 Bxc4+ 27. Rae2 Re8 28.
Kg2 Bxe2 29. Nc7 Re4 30. Nd5 Bf3+ 31. Kf1 Rxe1+ 0-1

[Event "Early-Titled-Tuesday-Blitz-February-06-2024"]
[Site "Chess.com"]
[Date "2024.02.06"]
[Round "6"]
[White "chezzgirl04"]
[Black "jlandaw"]
[Result "0-1"]
[WhiteElo "2161"]
[BlackElo "2355"]
[TimeControl "180+1"]
[EndTime "9:05:51 PST"]
[Termination "jlandaw won on time"]

1. e4 e5 2. Nf3 Nc6 3. Bb5 a6 4. Ba4 Nf6 5. Kf1 b5 6. Bb3 Bc5 7. c3 Nxe4 8. d4 exd4 9. cxd4 Bb6 10. Nc3 Nxc3 11. bxc3 O-O 12. Qd3 d5 13. Ng5 g6 14.
h4 Bf5 15. Qf3 Re8 16. h5 Nxd4 17. cxd4 Bxd4 18. hxg6 Bxg6 19. Rxh7 Bxa1 20. Rxf7 c6 21. Bc2 Qd6 0-1

[Event "Early-Titled-Tuesday-Blitz-February-06-2024"]
[Site "Chess.com"]
[Date "2024.02.06"]
[Round "6"]
[White "MdChess1734"]
[Black "Canal_Showdrez"]
[Result "1-0"]
[WhiteElo "2386"]
[BlackElo "2047"]
[TimeControl "180+1"]
[EndTime "9:05:52 PST"]
[Termination "MdChess1734 won by resignation"]

1. e4 c5 2. Nf3 Nc6 3. d4 cxd4 4. Nxd4 Nf6 5. Nc3 e5 6. Ndb5 d6 7. Bg5 a6 8. Na3 b5 9. Nd5 Be7 10. Bxf6 Bxf6 11. c3 Bg5 12. Nc2 O-O 13. a4 Rb8 14.
axb5 axb5 15. Bd3 f5 16. exf5 Bxf5 17. Bxf5 Rxf5 18. Qg4 Rf7 19. O-O Bh6 20. Ra6 Ne7 21. Qe6 Nxd5 22. Qxd5 Rb6 23. Ra7 Qe8 24. Rfa1 Rb8 25.
Rc7 Rc8 26. Rxc8 Qxc8 27. Ra8 1-0

[Event "Early-Titled-Tuesday-Blitz-February-06-2024"]
[Site "Chess.com"]
[Date "2024.02.06"]
[Round "6"]
[White "FredddieCroderg"]
[Black "Caroexpert"]
[Result "0-1"]
[WhiteElo "2372"]
[BlackElo "2568"]
[TimeControl "180+1"]
[EndTime "9:05:55 PST"]
[Termination "Caroexpert won by resignation"]

1. e4 c6 2. d4 g6 3. h4 h5 4. Bg5 d5 5. exd5 cxd5 6. Bd3 Bg7 7.
c3 Nf6 8. Nd2 O-O 9. Qb3 Nc6 10.
Ngf3 Qd6 11. O-O Bf5 12. Bxf5 gxf5 13. Rfe1 Ne4 14. Nf1 Kh8 15. g3 Rg8 16. Bf4 e5 17. dxe5 Nxe5 18. Nxe5 Bxe5 19. Bxe5+ Qxe5 20. Qa4 f4 21. f3 fxg3 22. fxe4 Qf4 23. Qd4+ f6 24. exd5 Qf5 25.
Re6 Rg6 26. Qe4 Qf2+ 27. Kh1 g2+ 0-1

[Event "Early-Titled-Tuesday-Blitz-February-06-2024"]
[Site "Chess.com"]
[Date "2024.02.06"]
[Round "6"]
[White "WindWhistler11"]
[Black "alekroth65"]
[Result "1-0"]
[WhiteElo "2511"]
[BlackElo "2373"]
[TimeControl "180+1"]
[EndTime "9:05:55 PST"]
[Termination "WindWhistler11 won by resignation"]

1. a3 e5 2. c4 f5 3. b4 Nf6 4. Bb2 d6 5. e3 g6 6. d4 Nbd7 7. Nf3 Bg7 8. Be2 O-O 9. O-O e4 10.
Ne1 d5 11. b5 c6 12. a4 g5 13.
f3 exf3 14. Nxf3 Ne4 15. Nbd2 Ndf6 16. Ne5 Qe8 17. Ba3 Be6 18. Bxf8 Bxf8 19. bxc6 bxc6 20. cxd5 cxd5 21. Bb5 Qe7 22. Nxe4 Nxe4 23. Rc1 Bg7 24. Qc2 Rc8 25. Qxc8+ Bxc8 26. Rxc8+ Bf8 27. Rxf5 Nd6 28.
Rcxf8+ Qxf8 29. Rxf8+ Kxf8 30. Bd3 h6 31. Nc6 Nc8 32.
Ba6 Nb6 33. a5 Nc4 34. Bxc4 dxc4 35. Kf1 1-0

[Event "Early-Titled-Tuesday-Blitz-February-06-2024"]
[Site "Chess.com"]
[Date "2024.02.06"]
[Round "6"]
[White "boguszp"]
[Black "Doublekk14"]
[Result "0-1"]
[WhiteElo "2075"]
[BlackElo "2306"]
[TimeControl "180+1"]
[EndTime "9:05:56 PST"]
[Termination "Doublekk14 won by checkmate"]

1. d4 Nf6 2. Bf4 d6 3. Nc3 g6 4. e4 Bg7 5. Qd2 h6 6. O-O-O g5 7. Be3 Ng4 8. h4 Nxe3 9. Qxe3 gxh4 10. Rxh4 e5 11.
Qg3 Bf6 12. Rh1 exd4 13. Nd5 Nc6 14. f4 Be6 15. Bb5 a6 16. Bxc6+ bxc6 17. Nxf6+ Qxf6 18. e5 Qe7 19. Rxd4 O-O-O 20. Nf3 Bd5 21. Rhd1 Bxf3 22.
Qxf3 dxe5 23. Rxd8+ Rxd8 24. Rxd8+ Kxd8 25. Qxc6 exf4 26. Qxh6 Qe1# 0-1

[Event "Early-Titled-Tuesday-Blitz-February-06-2024"]
[Site "Chess.com"]
[Date "2024.02.06"]
[Round "6"]
[White "Kaissa10"]
[Black "Muracle"]
[Result "0-1"]
[WhiteElo "2297"]
[BlackElo "2486"]
[TimeControl "180+1"]
[EndTime "9:05:57 PST"]
[Termination "Muracle won by resignation"]

1. e4 c6 2. d4 d5 3. e5 Bf5 4. h4 h6 5. Bd3 Bxd3 6. Qxd3 e6 7. Nf3 Nd7 8. O-O Ne7 9. Nbd2 Nf5 10. g3 c5 11. c4 dxc4 12. Qxc4 cxd4 13. Nxd4 Rc8 14.
Qa4 Nxd4 15. Qxd4 Bc5 16. Qe4 g5 17. h5 Qc7 18. Nf3 f5 19. Qe2 Kf7 20. Be3 Qb6 21. Bxc5 Nxc5 22. a3 Ne4 23. b4 Nxg3 24. Qe3 Nxf1 25.
Qxb6 axb6 0-1

[Event "Early-Titled-Tuesday-Blitz-February-06-2024"]
[Site "Chess.com"]
[Date "2024.02.06"]
[Round "6"]
[White "UK_23"]
[Black "Ati1517"]
[Result "0-1"]
[WhiteElo "2401"]
[BlackElo "2262"]
[TimeControl "180+1"]
[EndTime "9:05:57 PST"]
[Termination "Ati1517 won by checkmate"]

1. e4 c5 2. Nf3 d6 3. d4 cxd4 4. Qxd4 Nf6 5. Be2 Nc6 6. Qe3 e6 7. O-O Be7 8. Rd1 O-O 9. c4 Qc7 10. Nc3 a6 11. b3 b6 12. Bb2 Bb7 13. Rac1 Rfd8 14. Nd5 exd5 15. cxd5 Rdc8 16. dxc6 Bxc6 17. Nd4 Qb7 18. f3 d5 19. Nxc6 Rxc6 20. Bxf6 Rxc1 21.
Rxc1 Bxf6 22. e5 Be7 23. Kf1 Bc5 24. Qf4 Re8 25. Bd3 Qe7 26. Re1 f6 27. e6 Bb4 28.
Re2 Qc5 29. Rc2 Qd6 30. Qf5 Qxh2 31. Qxd5 Qh1+ 32. Kf2 Qe1# 0-1

[Event "Early-Titled-Tuesday-Blitz-February-06-2024"]
[Site "Chess.com"]
[Date "2024.02.06"]
[Round "6"]
[White "yosephtaher"]
[Black "bazar-wokzal"]
[Result "1-0"]
[WhiteElo "2892"]
[BlackElo "2617"]
[TimeControl "180+1"]
[EndTime "9:05:58 PST"]
[Termination "yosephtaher won by resignation"]

1. d4 Nf6 2. Nc3 d5 3. Bf4 e6 4. Nb5 Na6 5. e3 c6 6. Nc3 Bb4 7. Bxa6 bxa6 8. Ne2 Ne4 9. O-O Bxc3 10. Nxc3 Nxc3 11.
bxc3 O-O 12. Qd3 Qe7 13. Rfb1 f6 14. c4 e5 15. Bg3 Be6 16. dxe5 dxc4 17. Qc3 f5 18. Rd1 Rfb8 19. Rd6 Rb6 20. Rad1 Rab8 21. Qd4 Rb1 22. h3 Rxd1+ 23. Qxd1 Rb6 24. Qd4 g5 25. f4 h6 26. fxg5 hxg5 27. h4 g4 28. Qf4 Kg7 29. e4 fxe4 30. Qxe4 c5 31. Qf4 Rxd6 32.
exd6 Qf6 33. Qxf6+ Kxf6 34. c3 Bf7 35. Kf2 Be8 36. Ke3 Kf5 37. Bf4 a5 38. g3 a4 39.
a3 a6 40. h5 Ke6 41. h6 Bg6 42. Be5 Bd3 43. Kf4 1-0

[Event "Early-Titled-Tuesday-Blitz-February-06-2024"]
[Site "Chess.com"]
[Date "2024.02.06"]
[Round "6"]
[White "Willhaven3"]
[Black "InitiatingASC"]
[Result "1/2-1/2"]
[WhiteElo "2611"]
[BlackElo "2425"]
[TimeControl "180+1"]
[EndTime "9:05:59 PST"]
[Termination "Game drawn by agreement"]

1. d4 d5 2. Nf3 Nf6 3. c4 e6 4. Nc3 c5 5. e3 Nc6 6. a3 a6 7. dxc5 Bxc5 8. b4 Be7 9. Bb2 dxc4 10. Qxd8+ Bxd8 11. Bxc4 b5 12. Bb3 Bb7 13. O-O O-O 14. Rac1 Rc8 15. Ne2 a5 16. Ned4 axb4 17. axb4 Nxb4 18.
Nxb5 Rxc1 19. Bxc1 Ba6 20. Ba3 Bxb5 21. Bxb4 Bxf1 22. Bxf8 Bxg2 23. Kxg2 Kxf8 24. Ne5 Bc7 25. Nc6 h5 26. h3 Bd6 27. f4 Ne4 28. Nd4 Bc5 29. Nc2 Ke7 30. Ba4 g5 31. fxg5 Nxg5 32. Bc6 Kf6 33. h4 Nh7 34. Be4 Nf8 35. Bf3 Ng6 36.
Bxh5 Nxh4+ 37. Kg3 Nf5+ 38. Kf3 Ke7 39. e4 Nd4+ 40.
Nxd4 Bxd4 41. Bg4 1/2-1/2

[Event "Early-Titled-Tuesday-Blitz-February-06-2024"]
[Site "Chess.com"]
[Date "2024.02.06"]
[Round "6"]
[White "Actuary44"]
[Black "casparov00000"]
[Result "1-0"]
[WhiteElo "2490"]
[BlackElo "2322"]
[TimeControl "180+1"]
[EndTime "9:05:59 PST"]
[Termination "Actuary44 won by checkmate"]

1. e4 Nf6 2. Nc3 d5 3. e5 Nfd7 4. d4 c5 5. e6 fxe6 6. dxc5 Nxc5 7. Nf3 g6 8. Be3 Nbd7 9. Bd4 Rg8 10. Qd2 Nf6 11.
Bxc5 b6 12. Bd4 Bb7 13. Bxf6 exf6 14. Bb5+ Kf7 15. O-O Rb8 16. Rae1 Bb4 17. a3 Bd6 18. Bd3 e5 19. Be2 Rc8 20. Nxd5 e4 21. Qh6 Bxd5 22. Nd4 Be5 23. Rd1 Qc7 24. Nf5 gxf5 25. Rxd5 Ke6 26.
Rfd1 Qxc2 27. Qxh7 Rcd8 28. Rxd8 Rxd8 29. Rxd8 Bd6 30.
Qd7+ Ke5 31. Qxd6# 1-0